[Event "*** Titled Tuesday 3|2 Blitz"]
[Site "Chess.com"]
[Date "2016.03.01"]
[Round "2"]
[White "MinhGTrAn"]
[Black "jcibarra"]
[Result "1-0"]
[WhiteElo "2660"]
[BlackElo "2474"]
[TimeControl "180+2"]
[EndTime "11:54:04 PST"]
[Termination "MinhGTrAn won by resignation"]

1. d4 Nf6 2. c4 d6 3. Nc3 Bf5 4. e4 Bg6 5. Bd3 e5 6. Nge2 Be7 7. O-O O-O 8. f3 Nc6 9. Be3 Re8 10. d5 Nb4 11. Bb1 a5 12. a3 Na6 13. Bd3 Nd7 14. Rb1 Bg5 15. Bf2 Nac5 16. Bc2 Nb6 17.
b4 axb4 18. axb4 Ncd7 19. c5 Nc4 20. cxd6 cxd6 21. Ra1 Ne3 22. Rxa8 Qxa8 23. Qd2 Nxf1 24. Qxg5 Qa1 25. Bb1 Rc8 26. Qc1 Nxh2 27. Kxh2 h6 28. Qd2 Rc4 29. Qa2 Qxa2 30. Nxa2 f5 31. exf5 Bf7 32.
Bd3 Rc8 33. Nac3 Nf6 34. Ne4 Nxd5 35. Nxd6 Rc7 36. Bc4 b5 37. Bb3 Nxb4 38. Bxf7+ Kf8 39. Bb3 Nd3 40. Be3 b4 41. Nc4 Ke7 42. Nc1 Nc5 43.
Bxc5+ Rxc5 44. Nd3 Rb5 45. Ncxe5 Kf6 46. g4 h5 47. Kg3 Rb8 48. Nd7+ Kg5 49. Nxb8 h4+ 50. Kh3 1-0

[Event "*** Titled Tuesday 3|2 Blitz"]
[Site "Chess.com"]
[Date "2016.03.01"]
[Round "2"]
[White "MattyDPerrine"]
[Black "Boryboy"]
[Result "1/2-1/2"]
[WhiteElo "2228"]
[BlackElo "2470"]
[TimeControl "180+2"]
[EndTime "11:54:04 PST"]
[Termination "Game drawn - insufficient material"]

1. d4 e6 2. c4 Nf6 3. Nc3 Bb4 4. Qc2 O-O 5. Nf3 Qe8 6. Bg5 d6 7. Bxf6 gxf6 8. a3 Bxc3+ 9. Qxc3 Qe7 10. e4 e5 11. Bd3 Kh8 12. O-O Rg8 13. Kh1 Qf8 14. c5 Nc6 15. cxd6 cxd6 16. Bb5 Ne7 17. Rac1 Ng6 18. Qc7 Nf4 19. Rg1 Bg4 20. Nd2 Rg6 21. Bc4 Be6 22. Bxe6 Nxe6 23. Qxb7 Nxd4 24. Rgd1 Rh6 25.
h3 Rd8 26. Rc7 Kg8 27. Nc4 Rg6 28. Rd7 f5 29. Rxd8 Qxd8 30. exf5 Nxf5 31. Qe4 Nd4 32. f4 Qh4 33. Ne3 Rf6 34. Qa8+ Kg7 35. fxe5 dxe5 36. Qd5 Qg3 37. Qe4 h5 38. Rf1 Rxf1+ 39.
Nxf1 f5 40. Nxg3 fxe4 41. Nxe4 Kg6 42. g4 hxg4 43. hxg4 Kf7 44. Kg2 Ke6 45. Kf2 Kd5 46.
Nd2 Ne6 47. Ke3 Kc5 48. b3 Kd5 49. Ne4 Nd4 50. Nd2 Ne6 51. Ne4 Nd4 52. g5 Nc2+ 53.
Kd3 Nxa3 54. g6 Ke6 55. Kc3 Nb5+ 56. Kb4 Nd4 57. Kc4 a5 58. b4 a4 59. Nc5+ Kf6 60. Nxa4 Kxg6 61. Nc5 Kf6 62. Kd5 Nb5 63. Nd7+ Kf5 64. Nxe5 Nc3+ 65. Kd4 Nb5+ 66. Kc5 Na3 67. Nc4 Nb1 68. b5 Nc3 69. Nd6+ Ke6 70. b6 Na4+ 71. Kc6 Nxb6 72. Kxb6 1/2-1/2

[Event "*** Titled Tuesday 3|2 Blitz"]
[Site "Chess.com"]
[Date "2016.03.01"]
[Round "2"]
[White "punkmonkZ"]
[Black "AndrewMcStone"]
[Result "1-0"]
[WhiteElo "1944"]
[BlackElo "1948"]
[TimeControl "180+2"]
[EndTime "11:54:12 PST"]
[Termination "punkmonkZ won by checkmate"]

1. e4 d5 2. exd5 Nf6 3. Bb5+ Nbd7 4. c4 a6 5. Bxd7+ Bxd7 6. d4 e6 7. dxe6 Bxe6 8. d5 Bg4 9. Qd4 Bb4+ 10. Bd2 Bxd2+ 11. Qxd2 O-O 12. f3 Re8+ 13. Ne2 Bf5 14. O-O c6 15. Nbc3 Qb6+ 16. Kh1 cxd5 17. Nxd5 Nxd5 18.
cxd5 Rad8 19. Nc3 Qa5 20. Rfe1 h6 21. Rad1 Rxe1+ 22. Qxe1 b5 23. d6 b4 24. Nd5 Kh7 25.
Ne7 Bc2 26. Nc6 Qb6 27. Nxd8 Bxd1 28. Qxd1 Qxd8 29. d7 Kg8 30. Qd6 a5 31. g3 Kh7 32.
Kg2 g6 33. Qd5 Kg7 34. Qe5+ Kh7 35. Qe8 Qc7 36. d8=Q Qc2+ 37. Kh3 Qf5+ 38. Kg2 Qc2+ 39. Kf1 Qb1+ 40. Qe1 Qxb2 41. Qdd2 Qf6 42. Kg2 Qb6 43. Qee3 Qb5 44. Qed3 Qb6 45. Qd5 a4 46. h4 b3 47.
axb3 axb3 48. Qb2 Qa6 49. Qdxb3 Qc6 50. Qxf7# 1-0

[Event "*** Titled Tuesday 3|2 Blitz"]
[Site "Chess.com"]
[Date "2016.03.01"]
[Round "2"]
[White "BahadirOzen"]
[Black "VSERGUEI"]
[Result "1/2-1/2"]
[WhiteElo "2557"]
[BlackElo "2464"]
[TimeControl "180+2"]
[EndTime "11:54:15 PST"]
[Termination "Game drawn by repetition"]

1. Nf3 d5 2. g3 c6 3. Bg2 Bg4 4.
O-O Nd7 5. c4 dxc4 6. Na3 Bxf3 7. Bxf3 Ne5 8. Bg2 e6 9. b3 Nf6 10. Nxc4 Nxc4 11. bxc4 Bc5 12. Rb1 Rb8 13. d4 Bxd4 14.
Ba3 Bb6 15. Qa4 Nd7 16. Rfd1 c5 17. Rd3 Qc7 18. Rbd1 Rd8 19. Bb2 f6 20. Bh3 Ke7 21. Rd6 Qxd6 22. Rxd6 Kxd6 23. f4 Rhe8 24. Bg2 Kc7 25.
Qb3 Nb8 26. Bc3 Nc6 27. Kf1 Rd7 28. a4 a5 29. Be4 h6 30. e3 Nb4 31. Ke2 Red8 32.
g4 Kb8 33. h4 Ka7 34. Qb1 Bc7 35. Qb3 Re7 36. Qb2 Red7 37. Qb1 Rd1 38. Qxd1 Rxd1 39.
Kxd1 Kb6 40. h5 e5 41. Ke2 exf4 42. Bf3 fxe3 43. Kxe3 Nc6 44. Ke4 Be5 45. Bd2 Kc7 46. Kd5 b6 47. Be4 Nd4 48. Bd3 Kd7 49. Bg6 Bd6 50. Bc3 Be5 51. Bd2 Kc7 52. Bd3 Kd7 53. Bg6 1/2-1/2

[Event "*** Titled Tuesday 3|2 Blitz"]
[Site "Chess.com"]
[Date "2016.03.01"]
[Round "2"]
[White "davidarenas1224"]
[Black "Iwannabetheguy"]
[Result "0-1"]
[WhiteElo "2072"]
[BlackElo "2015"]
[TimeControl "180+2"]
[EndTime "11:54:33 PST"]
[Termination "Iwannabetheguy won on time"]

1. e4 e5 2. Nf3 Nc6 3. Bb5 a6 4. Ba4 Nf6 5. O-O Be7 6. Qe2 b5 7. Bb3 O-O 8. c3 d5 9. d3 Bg4 10. Rd1 d4 11. Nbd2 Na5 12. Bc2 c5 13. h3 Bxf3 14. Qxf3 Nc6 15. Nf1 Re8 16. Ng3 g6 17. Bg5 Nd7 18. Bd2 Bg5 19. Bb3 Rf8 20. Bd5 Rc8 21.
c4 Bxd2 22. Rxd2 b4 23. a3 Nf6 24. Bxc6 Rxc6 25. Qd1 Qb6 26. b3 Ra8 27. Rda2 Rb8 28. axb4 cxb4 29. Ne2 Nd7 30. f4 f6 31. f5 Nc5 32.
Ng3 Qc7 33. Rb2 Qg7 34. h4 Qh6 35. Qf3 Qxh4 36. fxg6 hxg6 37. Kf2 Qf4 38. Ke2 Qxf3+ 39. gxf3 Rc7 40. Rh1 Rh7 41. Rxh7 Kxh7 42. Kf2 Kg7 43. Ke2 Rh8 44. Nf1 Rh3 45. Ra2 Rh5 46. Ra5 Nxb3 47.
Rxa6 Rg5 48. Ra7+ Kh6 49. Kf2 Nc1 50. Rb7 b3 51. Nd2 b2 52. f4 exf4 53. Nf3 Rg3 54.
c5 Nxd3+ 55. Ke2 Nxc5 56. Rxb2 Rg2+ 0-1

[Event "*** Titled Tuesday 3|2 Blitz"]
[Site "Chess.com"]
[Date "2016.03.01"]
[Round "2"]
[White "Yaacovn"]
[Black "dretch"]
[Result "1-0"]
[WhiteElo "2629"]
[BlackElo "2470"]
[TimeControl "180+2"]
[EndTime "11:54:35 PST"]
[Termination "Yaacovn won on time"]

1. d4 d5 2. Nf3 Nf6 3. c4 c5 4. cxd5 cxd4 5. Qxd4 Qxd5 6. Nc3 Qxd4 7. Nxd4 a6 8. e4 e5 9. Nb3 Bb4 10. f3 Be6 11. Bd2 Nbd7 12. Na4 Bxd2+ 13. Kxd2 Bxb3 14. axb3 Ke7 15. Ke3 Rac8 16. Bd3 Nc5 17. Nxc5 Rxc5 18. b4 Rc7 19. Rhc1 Rhc8 20. Rxc7+ Rxc7 21. Ra5 Nd7 22. g3 Rc1 23. b5 axb5 24. Bxb5 Nc5 25. Be2 Kd6 26. b4 Nd7 27. Rd5+ Ke6 28. f4 exf4+ 29. gxf4 Ke7 30. Rb5 Rc7 31. e5 b6 32. Bg4 Rc6 33.
Bxd7 Kxd7 34. Rd5+ Ke6 35. Ke4 Rc4+ 36. Rd4 Rxd4+ 37. Kxd4 Kf5 38. Ke3 g5 39. fxg5 Kxe5 40. h4 b5 41. Kf3 Kf5 42. Kg3 Ke5 43. Kg4 Kd4 44. Kh5 Kc4 45. Kh6 Kxb4 46. Kxh7 Kc5 47.
h5 b4 48. Kg8 b3 49. h6 b2 50.
h7 b1=Q 51. h8=Q Qg6+ 52. Qg7 Qh5 53. Qe5+ Kc6 54. Qf6+ Kc5 55. Qe7+ Kc6 56. Kf8 Qh8+ 57. Kxf7 Qh7+ 58. Kf6 Qh8+ 59. Kf5 Kd5 60. Qe6+ Kc5 61. Qe5+ 1-0

[Event "*** Titled Tuesday 3|2 Blitz"]
[Site "Chess.com"]
[Date "2016.03.01"]
[Round "2"]
[White "Smirnov_Pavel"]
[Black "spectralsoul"]
[Result "0-1"]
[WhiteElo "2511"]
[BlackElo "2578"]
[TimeControl "180+2"]
[EndTime "11:54:51 PST"]
[Termination "spectralsoul won by resignation"]

1. d4 Nf6 2. c4 e6 3. g3 d5 4. Bg2 dxc4 5. Nf3 Nc6 6. Qa4 Qd5 7. Nc3 Bb4 8. O-O Bxc3 9. bxc3 O-O 10. Nd2 Qh5 11.
Nxc4 Qxe2 12. Ba3 Rd8 13. Rfe1 Qd3 14. Rad1 Qf5 15. Ne5 Nxe5 16. dxe5 Bd7 17. Qd4 Nd5 18. c4 Nb6 19. Bxb7 Rab8 20. Be4 Qh5 21. Qd3 Rdc8 22.
Bf3 Qh3 23. Re4 Qf5 24. Qe3 Ba4 25. Rf4 Qc2 26. Rc1 Qxa2 27. Bh5 Be8 28. Qf3 g6 29.
Bg4 Nd7 30. Bxe6 Nxe5 31. Qe3 Bd7 32. Bxd7 Nxd7 33. Qe7 Ne5 34. Bc5 Re8 35. Qf6 Re6 36. Qg5 Nd3 37. Rd4 Nxc1 38. Rd8+ Re8 39. Rxe8+ Rxe8 40. Qxc1 Qe2 41. Be3 a5 42. h4 a4 43.
Qa1 Rxe3 44. fxe3 Qxe3+ 45. Kg2 Qe2+ 46. Kh3 Qxc4 47. Qa3 h5 48. Kh2 Qc2+ 49. Kh3 Qf5+ 50. Kh2 Qd7 51. Qb4 Qc6 52. Qb8+ Kh7 53. Qb2 Qc4 54.
Qa3 Qb3 55. Qc5 a3 56. Qxc7 a2 57. Qe5 Qc2+ 0-1

[Event "*** Titled Tuesday 3|2 Blitz"]
[Site "Chess.com"]
[Date "2016.03.01"]
[Round "2"]
[White "maciek_92"]
[Black "HovmoellerHest"]
[Result "1-0"]
[WhiteElo "2415"]
[BlackElo "2354"]
[TimeControl "180+2"]
[EndTime "11:54:56 PST"]
[Termination "maciek_92 won by checkmate"]

1. c4 c5 2. Nf3 Nc6 3. g3 e5 4.
Nc3 g6 5. Bg2 Bg7 6. O-O d6 7.
Ne1 Nge7 8. Nc2 O-O 9. Rb1 a5 10. d3 h6 11. a3 f5 12. b4 axb4 13. axb4 Kh7 14. bxc5 dxc5 15. Ba3 Ra5 16. Nb5 b6 17.
Bb2 Nd4 18. Nc3 Be6 19. e3 Nxc2 20. Qxc2 Qd6 21. Rfd1 Nc6 22. Nb5 Qd7 23. Bc3 Ra6 24. Ra1 Rfa8 25. Rxa6 Rxa6 26. Bf1 Ra8 27. Rb1 f4 28.
Qe2 Bg4 29. Qb2 Rf8 30. Ra1 fxe3 31. fxe3 Bh3 32. Qe2 Qf5 33. Bxh3 Qxh3 34. Rf1 Rxf1+ 35. Qxf1 Qxf1+ 36. Kxf1 e4 37. d4 cxd4 38. exd4 Kg8 39. Ke2 Na5 40. Bxa5 bxa5 41. Ke3 Kf7 42. Nc3 Ke6 43.
Kxe4 h5 44. c5 Bf8 45. Na4 Kd7 46. d5 Bg7 47. Kd3 Kc7 48. h3 Bf6 49. g4 hxg4 50.
hxg4 Bg7 51. Kc4 Bh6 52. Kb5 Bd2 53. Nb6 Be3 54. d6+ Kd8 55. Nc4 Bf4 56. Kxa5 g5 57.
Kb5 Kd7 58. c6+ Kc8 59. Kc5 Kd8 60. Kd5 Kc8 61. Ke6 Kd8 62. Nb6 Ke8 63. c7 Bxd6 64. c8=R# 1-0

[Event "*** Titled Tuesday 3|2 Blitz"]
[Site "Chess.com"]
[Date "2016.03.01"]
[Round "2"]
[White "oskariot"]
[Black "Journey_to_GrandMaster_YT"]
[Result "1-0"]
[WhiteElo "2316"]
[BlackElo "2260"]
[TimeControl "180+2"]
[EndTime "11:55:34 PST"]
[Termination "oskariot won by resignation"]

1. e4 d6 2. d4 Nf6 3. Nc3 e5 4. Nf3 Nbd7 5. g4 Nxg4 6. Rg1 Ngf6 7. Bc4 h6 8. Be3 c6 9. dxe5 dxe5 10. Qd3 b5 11. Bb3 Qa5 12. O-O-O Ba6 13. Nb1 c5 14. c4 b4 15. Nbd2 O-O-O 16. Kb1 g6 17. Qc2 Qc7 18. Ba4 Be7 19. Nb3 Bb7 20. Nbd2 Nf8 21. Ne1 Ne6 22. Nd3 Nd4 23. Bxd4 Rxd4 24. f3 Rhd8 25. Nb3 R4d6 26. Nbxc5 Rd4 27. Nxb7 Rxc4 28. Qb3 Kxb7 29. Rc1 Rxc1+ 30.
Rxc1 Qd6 31. Nc5+ Ka8 32. Qxf7 Nh5 33. Ne6 Rb8 34. Nc7+ Kb7 35. Nd5 Ka6 36. Rc6+ Qxc6 37. Bxc6 Bc5 38. Qxg6 Nf4 39. Nxf4 exf4 40. e5 Rd8 41.
Bd7+ Ka5 42. e6 Rf8 43. Kc2 Be7 44. Kb3 Kb6 45. Qe4 Kc7 46. Qc6+ Kb8 47. Qb5+ Kc7 48.
Qd5 Rb8 49. Ba4 Rd8 50. Qc4+ Kb8 51. Bd7 Bd6 52. Qd5 Be7 53. Qe5+ Kb7 54. Qxf4 Rf8 55. Qe4+ Kc7 56. f4 Rg8 57. f5 Rf8 58. Qf4+ Kb7 59. Qe4+ Kc7 60. Kc4 Kd6 61. Qd5+ Kc7 62. Qc6+ Kb8 63.
Qb5+ Kc7 64. Kd3 Kd6 65. Ke4 Kc7 66. Qe5+ Bd6 67. Qg7 Kd8 68. f6 1-0

[Event "*** Titled Tuesday 3|2 Blitz"]
[Site "Chess.com"]
[Date "2016.03.01"]
[Round "2"]
[White "SabinoBrunello"]
[Black "Mischuk_D"]
[Result "0-1"]
[WhiteElo "2520"]
[BlackElo "2538"]
[TimeControl "180+2"]
[EndTime "11:56:08 PST"]
[Termination "Mischuk_D won by resignation"]

1. d4 Nf6 2. Nf3 g6 3. Bf4 Bg7 4. c3 d5 5. e3 c6 6. h3 O-O 7.
Nbd2 Bf5 8. Be2 Ne4 9. O-O Nxd2 10. Qxd2 Nd7 11. Bh2 Nf6 12. c4 Ne4 13. Qb4 Qb6 14. Qa3 dxc4 15. Bxc4 Nd6 16. Be2 Rfd8 17. Rac1 a5 18. Be5 Qb4 19. Bxg7 Qxa3 20. bxa3 Kxg7 21. a4 Be6 22. Rc2 Bd5 23. Rfc1 Bxf3 24. Bxf3 e6 25. Rb2 f5 26. Be2 Kf6 27. Rc5 Rd7 28. f3 h5 29. h4 Rg7 30. Kf2 g5 31. hxg5+ Rxg5 32. Rb1 h4 33. Rh1 Rh5 34. Bf1 Rhh8 35. Ke1 Ke7 36.
Kf2 Kd7 37. Bd3 Rh6 38. Kg1 Rhh8 39. Kh2 Rhg8 40. Kg1 Rh8 41. Bc2 Kc7 42. Bb3 Kd7 43. Kf2 Rh6 44. Rh2 Rhh8 45. Bc2 Rh6 46. Bd3 Rhh8 47. Be2 Rh6 48. Bf1 Rhh8 49. Bd3 Rh6 50. Bc2 Rhh8 51. Bb3 Rh6 52. Rc1 Rah8 53. Rch1 Ke7 54. Kf1 Kf6 55. Kf2 Kg5 56. Rc1 Kf6 57. Rc5 Ra8 58. Rh3 Ke7 59. Kg1 Kd7 60. Bc2 Rhh8 61.
Kf2 Rh6 62. Bd3 Rhh8 63. Rh1 Rh6 64. Kg1 Rhh8 65. Kh2 Rhg8 66. Rb1 Rg3 67. Bf1 Rag8 68. Rxa5 h3 69. Rb2 hxg2 70. Rxg2 Rxg2+ 71. Bxg2 Nc4 72. Rc5 Nxe3 73. Bh3 Ra8 74. a5 Nd5 75. Bf1 Kd6 76.
Kg3 e5 77. a6 bxa6 78. Ra5 exd4 79. Rxa6 Rxa6 80. Bxa6 f4+ 81. Kf2 Kc5 82. Ke1 Kb4 83. Kd2 c5 84. Kd3 Nc3 85. Bc4 Na4 86. Bf7 Nb2+ 87.
Kc2 Nc4 88. Bd5 Ne5 89. Kb2 c4 90. a3+ Kc5 91. Be4 Nd7 92. Kc2 Nb6 93. Bb7 Nd5 94. Kd2 Nc3 95. Kc2 Nb5 96. a4 Nd6 97. a5 Nxb7 98.
a6 Kb6 99. axb7 Kxb7 0-1

[Event "*** Titled Tuesday 3|2 Blitz"]
[Site "Chess.com"]
[Date "2016.03.01"]
[Round "2"]
[White "JustKid"]
[Black "Silent_Terror"]
[Result "1/2-1/2"]
[WhiteElo "2140"]
[BlackElo "2515"]
[TimeControl "180+2"]
[EndTime "11:56:26 PST"]
[Termination "Game drawn by agreement"]

1. d4 Nf6 2. c4 e6 3. Nf3 Bb4+ 4. Nbd2 b6 5. g3 Bb7 6. Bg2 O-O 7. O-O Be7 8. Qc2 c5 9. b3 cxd4 10.
Nxd4 Bxg2 11. Kxg2 Qc7 12. Bb2 Qb7+ 13. f3 a6 14. e4 d6 15. Rad1 Nbd7 16. Rfe1 Rac8 17. Qb1 Rfe8 18. Nf1 Bf8 19. Ne3 Nc5 20. Ne2 Ncd7 21. Ba3 d5 22. Bxf8 dxe4 23. fxe4 Kxf8 24. Rd4 Nc5 25. Nc3 e5 26. Rdd1 Ncxe4 27. Nxe4 Nxe4 28. Nd5 Nc3 29. Qxh7 Nxd5 30. Rxd5 f6 31. Qh8+ Kf7 32. Qh5+ Kg8 33. Kg1 Red8 34. Red1 Rxd5 35. Rxd5 Qf7 36. Qxf7+ Kxf7 37. Rd6 Rb8 38. Kf2 Ke7 39. Rd5 Ke6 40. h4 b5 41. Rc5 Rb6 42. cxb5 axb5 43. b4 Ra6 44. Rxb5 Rxa2+ 45. Kf3 Ra3+ 46. Kf2 Kf5 47.
Rb8 Rb3 48. b5 g6 49. b6 Ke4 50. b7 Rb2+ 51. Kg1 Kf5 52. Kf1 Ke4 53. Rf8 Rxb7 54.
Rxf6 Rb1+ 55. Kf2 Rb2+ 56. Kf1 Ke3 57. g4 Rh2 58. Rxg6 Rxh4 59. Ra6 Rxg4 60. Ra3+ Kd2 61.
Ra2+ Kc1 62. Re2 Rg5 63. Kf2 Kd1 64. Ra2 Rg4 65. Ke3 Rh4 66. Ra5 Rh3+ 67. Ke4 Rh4+ 68. Ke3 e4 69. Ra4 Rh3+ 70. Kf2 e3+ 71. Kg2 Rh7 72.
Kf3 Rh3+ 73. Kg2 Rh8 74. Kf3 Re8 75. Ra1+ Kd2 76. Ra2+ Kd1 77. Ra1+ Kc2 78. Ra2+ Kc3 79. Ra3+ Kd2 80. Ra2+ Kd3 81. Ra3+ Kd4 82. Ra4+ Kc5 83.
Ra3 Kd4 84. Ra4+ Kc3 85. Ra3+ Kd2 86. Ra2+ Kc1 87. Ra1+ Kb2 88. Re1 Kc2 89. Rxe3 Rf8+ 90. Kg4 Kd2 91. Re7 Rg8+ 92. Kf5 Kd3 1/2-1/2

[Event "*** Titled Tuesday 3|2 Blitz"]
[Site "Chess.com"]
[Date "2016.03.01"]
[Round "2"]
[White "FairChess_on_YouTube"]
[Black "VerdeNotte"]
[Result "1-0"]
[WhiteElo "2718"]
[BlackElo "2482"]
[TimeControl "180+2"]
[EndTime "11:57:05 PST"]
[Termination "FairChess_on_YouTube won by resignation"]

1. d4 Nf6 2. c4 g6 3. Nc3 Bg7 4. e4 d6 5. Be2 O-O 6. Be3 c5 7. e5 Nfd7 8. exd6 exd6 9. Nf3 Nc6 10. O-O Re8 11. Nb5 Nf8 12. Bg5 Qd7 13. d5 Ne5 14.
Bf4 a6 15. Nc3 Qf5 16. Bg3 Bd7 17. h3 h5 18. Qb3 b5 19. cxb5 axb5 20. Nxe5 Bxe5 21.
Bxb5 Bxb5 22. Nxb5 Reb8 23. a4 Nd7 24. Rfe1 Qf6 25.
Bxe5 Nxe5 26. Qc3 Nd7 27. Qxf6 Nxf6 28. Nxd6 Rxb2 29. Red1 Rd8 30. Nc4 Rb4 31. Ne5 Rxd5 32. Rxd5 Nxd5 33. a5 Nc7 34. a6 Rb8 35. a7 Ra8 36.
Ra5 Re8 37. Rxc5 Na8 38. Nd7 Kg7 39. Rb5 Re7 40. Rb7 h4 41. f4 Re1+ 42. Kf2 Ra1 43. Nc5 Kf6 44. Kf3 Ra5 45. Ne4+ Ke6 46. Ng5+ Kd5 47. Nxf7 Ra2 48. Ng5 Kc6 49. Rg7 Kd5 50. Rxg6 Rxa7 51. Rh6 Ra3+ 52. Kf2 Ra2+ 53. Kg1 Nc7 54. Rxh4 Nb5 55. Rh8 Nd4 56. Rd8+ Kc4 57. Kh2 Ne2 58. Ne6 Ra6 59. f5 Ra5 60. f6 Rf5 61.
Rf8 Kd5 62. Ng7 Rf2 63. f7 Kd6 64. Rd8+ Ke7 65. f8=Q+ Rxf8 66. Rxf8 Kxf8 67. Nf5 Kf7 68. g3 Kf6 69. Ne3 Ke5 70. Kg2 Nd4 71. h4 Ke4 72. Ng4 Kf5 73. Ne3+ Ke4 74. Nd1 Nf5 75. Nf2+ Ke5 76.
Kh3 Kf6 77. Ne4+ Ke5 78. Nf2 Kf6 79. Kg4 Ne3+ 80. Kh5 Nf5 81. g4 Ng7+ 82. Kh6 Ne6 83. g5+ Kf5 84. g6 Kf6 85. Ne4+ Kf5 86. Ng5 Nd4 87. g7 Kg4 88. g8=Q Nf5+ 89. Kh7 1-0

[Event "*** Titled Tuesday 3|2 Blitz"]
[Site "Chess.com"]
[Date "2016.03.01"]
[Round "3"]
[White "Saitama_Hero"]
[Black "kikydu96"]
[Result "1-0"]
[WhiteElo "2080"]
[BlackElo "2276"]
[TimeControl "180+2"]
[EndTime "12:00:18 PST"]
[Termination "Saitama_Hero won by resignation"]

1. d4 d5 2. c4 c6 3. Nf3 Nf6 4.
Nc3 dxc4 5. a4 Bg4 6. e3 e5 7.
Bxc4 exd4 8. exd4 Be7 9. Bxf7+ Kf8 10. Bc4 Bxf3 11. Qxf3 Qxd4 12. Bb3 Qe5+ 13. Be3 Bb4 14. O-O Nd7 15. Rad1 Nc5 16. Bxc5+ Bxc5 17. Rd7 Re8 18. Rf7+ Kg8 19. Rxf6+ 1-0

[Event "*** Titled Tuesday 3|2 Blitz"]
[Site "Chess.com"]
[Date "2016.03.01"]
[Round "3"]
[White "BahadirOzen"]
[Black "jcgs1030"]
[Result "1-0"]
[WhiteElo "2559"]
[BlackElo "2233"]
[TimeControl "180+2"]
[EndTime "12:01:02 PST"]
[Termination "BahadirOzen won by resignation"]

1. Nf3 Nf6 2. g3 g6 3. Bg2 Bg7 4. d4 O-O 5. O-O c5 6. c4 cxd4 7. Nxd4 Nc6 8. Nc3 d6 9. Nc2 Be6 10. b3 Qd7 11. Bb2 Bh3 12. Ne3 Rac8 13. Qd2 Rfd8 14.
Rfd1 Bxg2 15. Kxg2 Ng4 16. Nxg4 Qxg4 17. Nd5 Bxb2 18.
Qxb2 h5 19. Rd3 h4 20. Re3 hxg3 21. hxg3 Qd7 22. Rxe7 Qxe7 23. Nxe7+ Nxe7 24. Rh1 1-0

[Event "*** Titled Tuesday 3|2 Blitz"]
[Site "Chess.com"]
[Date "2016.03.01"]
[Round "3"]
[White "alturas_pacificas"]
[Black "chorejason"]
[Result "0-1"]
[WhiteElo "2170"]
[BlackElo "2097"]
[TimeControl "180+2"]
[EndTime "12:01:55 PST"]
[Termination "chorejason won by resignation"]

1. d4 Nf6 2. Bf4 g6 3. e3 Bg7 4. Be2 O-O 5. Nf3 d5 6. O-O c5 7.
c4 Qb6 8. b3 Nc6 9. Nc3 cxd4 10. Nxd4 Nxd4 11. Qxd4 dxc4 12. Qxb6 axb6 13. Bxc4 Nh5 14.
Rac1 Nxf4 15. exf4 Rd8 16. a4 Bg4 17. h3 Bf5 18. Nd5 e6 19. Nxb6 Rab8 20. Rfd1 Bd4 21. a5 Kg7 22. Rd2 Bxb6 23. Rxd8 Bxd8 0-1

[Event "*** Titled Tuesday 3|2 Blitz"]
[Site "Chess.com"]
[Date "2016.03.01"]
[Round "3"]
[White "VerdeNotte"]
[Black "StellarChessPro"]
[Result "1-0"]
[WhiteElo "2514"]
[BlackElo "2392"]
[TimeControl "180+2"]
[EndTime "12:02:07 PST"]
[Termination "VerdeNotte won by checkmate"]

1. g3 d5 2. Bg2 c6 3. Nf3 Nf6 4. b3 Nbd7 5. Bb2 e6 6. O-O Bd6 7. d3 O-O 8. c4 e5 9. Nc3 a6 10. e4 d4 11. Ne2 c5 12. Nh4 Re8 13. Nf5 Bf8 14. Bc1 h6 15. h3 b5 16. f4 bxc4 17.
bxc4 Bb7 18. g4 exf4 19. Bxf4 Ne5 20. Rb1 Bc6 21. Bg3 Nxc4 22. dxc4 Bxe4 23. Nf4 Bxg2 24.
Kxg2 Ne4 25. Nd5 Nxg3 26. Nxg3 Bd6 27. Qf3 f6 28. Nf5 Be5 29. Rb7 Rb8 30. Rxg7+ Kh8 31. Nde7 Rb2+ 32. Rf2 Rxf2+ 33. Kxf2 Rxe7 34. Rxe7 d3 35.
Qb7 Qg8 36. Re8 d2 37. Qg7# 1-0

[Event "*** Titled Tuesday 3|2 Blitz"]
[Site "Chess.com"]
[Date "2016.03.01"]
[Round "3"]
[White "chessdude"]
[Black "SabinoBrunello"]
[Result "0-1"]
[WhiteElo "2357"]
[BlackElo "2545"]
[TimeControl "180+2"]
[EndTime "12:02:43 PST"]
[Termination "SabinoBrunello won by resignation"]

1. e4 e5 2. Nf3 Nc6 3. Bb5 a6 4.
Ba4 Nf6 5. O-O Be7 6. d3 b5 7.
Bb3 d6 8. a3 O-O 9. Nc3 Bg4 10.
Be3 Nd4 11. Bxd4 exd4 12. Nd5 Nd7 13. h3 Bxf3 14. Qxf3 c6 15. Nxe7+ Qxe7 16. Qg3 a5 17. f4 a4 18. Ba2 Rab8 19. Qf2 Qf6 20. g4 c5 21. g5 Qe7 22. h4 b4 23. axb4 Rxb4 24.
c3 dxc3 25. bxc3 Rbb8 26. h5 a3 27. g6 Rb2 28. Bxf7+ Kh8 29. Qg3 Ra8 30. Bd5 Ra7 31.
Qg5 Nf6 32. Bc4 d5 33. Bxd5 Nxd5 34. Qxd5 Qh4 0-1

[Event "*** Titled Tuesday 3|2 Blitz"]
[Site "Chess.com"]
[Date "2016.03.01"]
[Round "3"]
[White "Blitzstream"]
[Black "petrpalachev"]
[Result "1-0"]
[WhiteElo "2452"]
[BlackElo "2280"]
[TimeControl "180+2"]
[EndTime "12:03:20 PST"]
[Termination "Blitzstream won by resignation"]

1. d4 Nf6 2. Bg5 e6 3. e4 h6 4.
Bxf6 Qxf6 5. c3 d5 6. Nd2 dxe4 7.
Nxe4 Qd8 8. Bd3 Be7 9. Nf3 Nd7 10.
Qe2 Nf6 11. O-O-O Nxe4 12. Bxe4 Rb8 13. Ne5 O-O 14. g4 Bg5+ 15. Kb1 Bd7 16. Bc2 Bc6 17. Nxc6 bxc6 18. f4 Be7 19. g5 hxg5 20. fxg5 Bxg5 21. Rhg1 Bh6 22. Qh5 Kh8 23. Rxg7 Kxg7 24. Rg1+ 1-0

[Event "*** Titled Tuesday 3|2 Blitz"]
[Site "Chess.com"]
[Date "2016.03.01"]
[Round "3"]
[White "Quiet_Desperation"]
[Black "davidarenas1224"]
[Result "0-1"]
[WhiteElo "2237"]
[BlackElo "2103"]
[TimeControl "180+2"]
[EndTime "12:03:33 PST"]
[Termination "davidarenas1224 won by resignation"]

1. e4 c5 2. Nf3 d6 3. d4 cxd4 4.
Nxd4 Nf6 5. Nc3 g6 6. Be3 a6 7. f3 b5 8. Qd2 Bb7 9. O-O-O h5 10. Kb1 Nbd7 11. h4 Rc8 12. Bd3 b4 13. Nce2 e5 14.
Nb3 d5 15. exd5 Nxd5 16. Be4 N7f6 17. Bg5 Qc7 18. Ng3 Bg7 19. Bxd5 Nxd5 20. Ne4 O-O 21. Rc1 a5 22. Bh6 Nf4 23. Bxg7 Kxg7 24. g3 Bxe4 25. fxe4 Ne6 26. Rhf1 a4 27. Na1 Rb8 28. c3 b3 29.
Qd5 Rfd8 30. Rxf7+ Kxf7 31. Rf1+ Ke7 0-1

[Event "*** Titled Tuesday 3|2 Blitz"]
[Site "Chess.com"]
[Date "2016.03.01"]
[Round "3"]
[White "FrankieJay"]
[Black "Iwannabetheguy"]
[Result "0-1"]
[WhiteElo "2205"]
[BlackElo "2028"]
[TimeControl "180+2"]
[EndTime "12:04:01 PST"]
[Termination "Iwannabetheguy won by resignation"]

1. e4 e5 2. Nf3 Nc6 3. Bb5 a6 4. Ba4 Nf6 5. O-O Be7 6. Re1 b5 7. Bb3 O-O 8. c3 d5 9. exd5 Nxd5 10. Nxe5 Nxe5 11. Rxe5 c6 12. d3 Bd6 13. Re1 Bf5 14.
Qf3 Re8 15. Rxe8+ Qxe8 16. Nd2 Nf4 17. Ne4 Nxd3 18. Qxd3 Qxe4 19. Qxe4 Bxe4 20. a4 Rd8 21. axb5 axb5 22. Be3 h6 23. f3 Bf5 24. Ra6 c5 25.
Rb6 b4 26. cxb4 cxb4 27. g4 Bg6 28. h4 h5 29. Bg5 Bc5+ 30. Kg2 Bxb6 0-1

[Event "*** Titled Tuesday 3|2 Blitz"]
[Site "Chess.com"]
[Date "2016.03.01"]
[Round "3"]
[White "Mischuk_D"]
[Black "Dlugy"]
[Result "0-1"]
[WhiteElo "2532"]
[BlackElo "2605"]
[TimeControl "180+2"]
[EndTime "12:04:27 PST"]
[Termination "Dlugy won by resignation"]

1. e4 c5 2. Nf3 d6 3. d4 cxd4 4.
Nxd4 Nf6 5. Nc3 Nc6 6. Be2 e5 7. Nf3 Be7 8. Bg5 Be6 9. Bxf6 Bxf6 10. Nd5 Qa5+ 11. c3 Bxd5 12. exd5 Ne7 13. Bc4 Rc8 14. Bb3 O-O 15. O-O b5 16. Nd2 Ng6 17. Bc2 Be7 18.
Bf5 Rb8 19. a3 Bd8 20. g3 Ne7 21. Be4 f5 22. Bg2 Qc7 23. Nf3 Nc8 24. Qd2 Nb6 25.
Rfd1 Nc4 26. Qe2 Bf6 27. Rab1 Rfe8 28. Bh3 g6 29. Nd2 e4 30. Nxc4 bxc4 31. Bf1 Rbc8 32. Qc2 Qc5 33. Kg2 Re5 34. Qa4 Rc7 35. b3 cxb3 36. Rxb3 Kg7 37. c4 Rce7 38. Qb4 Qc7 39.
c5 dxc5 40. Qb8 Qxb8 41. Rxb8 Rd7 42. Bb5 Rexd5 43. Rxd5 Rxd5 44. Rb7+ Kh6 45. Rxa7 Rd2 46. Kf1 Bd4 47. Be2 c4 48. Bxc4 Rxf2+ 49. Ke1 Bxa7 0-1